 Dungeon Crawl Stone Soup version 0.28-a0-1510-gd0f6b136d3 (webtiles) character file.

Game seed: 18109379157456857227

32 lunkers the Sneak (level 3, 0/36 HPs)
             Began as a Vampire Enchanter on Jan 14, 2022.
             Slain by a kobold (1 damage)
             ... on level 2 of the Dungeon.
             The game lasted 00:01:40 (1139 turns).

lunkers the Sneak (Vampire Enchanter)               Turns: 1139, Time: 00:01:41

Health: 0/36       AC: 21    Str:  7    XL:     3   Next: 8%
Magic:  6/6        EV:  2    Int: 25    God:
Gold:   56         SH:  0    Dex: 14    Spells: 6/6 levels left

rFire   . . .      SeeInvis +   a - +1 dagger
rCold   . . .      Faith    .   (no shield)
rNeg    . . .      Spirit   .   (armour currently unavailable)
rPois   +          Reflect  .   (helmet currently unavailable)
rElec   .          Harm     .   (cloak currently unavailable)
rCorr   .          Rampage  .   (gloves currently unavailable)
Will    .....      NoTele   +   (boots currently unavailable)
Stlth   +++.......              (no amulet)
HPRegen 0.32/turn               e - +6 ring of intelligence
MPRegen 0.10/turn               f - ring of flight

@: lethally poisoned (0 -> -2), tree-form, healing quickly
A: stationary, stasis, torment immunity, boosted hp, alive, (fangs 3), see
invisible, vampiric 2
a: Exsanguinate


You were on level 2 of the Dungeon.
You were a tree.
You visited 1 branch of the dungeon, and saw 2 of its levels.

You collected 56 gold pieces.

Inventory:

Hand Weapons
 a - a +1 dagger (weapon)
 h - a +0 dagger of protection
Armour
 b - a +0 robe (melded)
 i - a +2 helmet (melded)
Jewellery
 e - a +6 ring of intelligence (left branch)
 f - a ring of flight (right branch)
Potions
 c - a potion of invisibility
 d - a potion of flight
 k - a potion of haste {unknown}


   Skills:
 + Level 2.4 Short Blades
 - Level 2.1 Dodging
 + Level 5.6 Stealth
 - Level 2.0 Spellcasting
 - Level 4.4 Hexes


You had 6 spell levels left.
You didn't know any spells.
Your spell library contained the following spells:

 Spells                   Type           Power      Damage    Failure   Level
 Confusing Touch          Hex            24%        N/A       5%          3
 Tukima's Dance           Hex            24%        N/A       5%          3
 Ensorcelled Hibernation  Hex/Ice        26%        N/A       7%          2
 Dazzling Flash           Conj/Hex       26%        N/A       14%         3


Dungeon Overview and Level Annotations

Branches:
Dungeon (2/15)

Altars:

Shops:
D:1 ?


Innate Abilities, Weirdness & Mutations

You are a tree.
Your roots penetrate the ground, keeping you stationary.
You cannot be teleported.
You are immune to unholy pain and torment.
Your maximum health is greatly increased.
Your equipment is partially melded.
Your natural rate of healing is accelerated.
((You have razor-sharp teeth.))
You have supernaturally acute eyesight. (SInv)
You are afflicted with vampirism and can become a bat while bloodless.


Message History

Unknown command.
Unknown command.
You hit the adder.
The adder is moderately wounded.
* * * LOW HITPOINT WARNING * * *
You feel sick.
The hobgoblin hits you but does no damage.
The kobold hits you but does no damage. The adder bites you.
* * * LOW HITPOINT WARNING * * *
Unknown command.
You hit the adder.
The adder is heavily wounded.
* * * LOW HITPOINT WARNING * * *
You feel sick.
The hobgoblin hits you but does no damage.
The kobold hits you but does no damage. The adder bites you but does no damage.
You closely miss the adder.
The adder is heavily wounded.
* * * LOW HITPOINT WARNING * * *
You feel sick. The adder bites you but does no damage.
The hobgoblin hits you but does no damage.
The kobold hits you but does no damage.
You hit the adder.
The adder is severely wounded.
* * * LOW HITPOINT WARNING * * *
You feel sick. The adder bites you but does no damage.
The hobgoblin hits you but does no damage.
The kobold hits you but does no damage.
You closely miss the adder.
The adder is severely wounded.
* * * LOW HITPOINT WARNING * * *
You feel sick. The adder bites you but does no damage.
The hobgoblin hits you but does no damage.
The kobold hits you but does no damage. The adder bites you but does no damage.
You hit the adder but do no damage.
The adder is severely wounded.
The hobgoblin hits you.
* * * LOW HITPOINT WARNING * * *
The kobold hits you with a +0 whip.
You die...

...#.........######
.....#.......####
#..##...#......#
#..##........#.#
............#.#
###..†.....#)####
#........#)...##
#........####..##
#####g♣........###..#
.#....KS......#......#
........#####......###
..>......###..####.##
.........#)..## #..#
...........### ##.##
.........### #..##
.........# ##>.#
.........# ##.#


You could see an adder, a hobgoblin and a kobold.

Vanquished Creatures
  6 bats
  4 endoplasms
  A giant cockroach (D:2)
  3 goblins
  4 quokkas
  A ball python (D:1)
  2 frilled lizards
  3 kobolds (D:1)
  4 rats (D:1)
28 creatures vanquished.

Vanquished Creatures (others)
  4 plants (D:1)
4 creatures vanquished.

Grand Total: 32 creatures vanquished

Notes
Turn   | Place    | Note
-------+----------+-------------------------------------------
     0 | D:1      | lunkers the Vampire Enchanter began the quest for the Orb.
     0 | D:1      | Reached XP level 1. HP: 13/13 MP: 3/3
   311 | D:1      | Reached XP level 2. HP: 19/19 MP: 5/5
   319 | D:1      | Reached skill level 5 in Stealth
   334 | D:1      | Found a faded altar of an unknown god.
   774 | D:1      | Found Gaixoschi's Magic Scroll Shop.
  1047 | D:2      | Gained mutation: You are afflicted with vampirism and can
                  | become a bat while bloodless. [Vampire growth]
  1047 | D:2      | Reached XP level 3. HP: 23/24 MP: 6/6
  1139 | D:2      | HP: 1/36 [hobgoblin (2)]
  1139 | D:2      | Slain by a kobold

Illustrated notes

Levels and vault maps discovered:
D:1:      psy_arrival_fountain, layout_basic, serial_rivers,
          chequers_serial_rivers_large_a, chequers_serial_rivers_micro_e,
          chequers_serial_rivers_room_a, chequers_serial_rivers_marsh,
          chequers_serial_rivers_micro_d, chequers_serial_rivers_marsh,
          basic_ecumenical_altar, serial_shops, nicolae_shop_behind_doors,
          chequers_big_river, minivault_14, palyth_stone_intersect,
          chequers_jeans
D:2:      layout_rooms, basic_altar, st_stairs_14, minmay_distorted

Skill      XL: |  1  2 |
---------------+-------+-----
Stealth        | 5 |  5.6
Short Blades   | 2 |  2.4
Dodging        | |  2.1
Spellcasting   | |  2.0
Hexes          | |  4.4

Action                   || total
-------------------------++-------
Melee: Dagger            ||    97
       Bite              ||     7
  Use: Scroll            ||     4
       Potion            ||     1
 Stab: Sleeping          ||     9
Armor: Robe              ||    21
       Skin              ||    18
Dodge: Dodged            ||    65

Table legend: (Time is in decaauts)
 A = Elapsed time spent in this place.
 B = Non-inter-level travel time spent in this place.
 C = Inter-level travel time spent in this place.
 D = Time resting spent in this place.
 E = Time spent auto-exploring this place.
 F = Levels seen in this place.
 G = Mean time per level.
                   A        B        C        D        E       F      G
               +--------+--------+--------+--------+--------+-----+--------+
         Total |   1130 |   1057 |     73 |      0 |    777 |   2 |  565.0 |
       Dungeon |   1130 |   1057 |     73 |      0 |    777 |   2 |  565.0 |
               +--------+--------+--------+--------+--------+-----+--------+

Top non-repeatable levels by time:
     D:1: 972 daAuts
     D:2: 158 daAuts
